 Dungeon Crawl Stone Soup version 0.26.0-57-g60708a5e39 (webtiles) character file.

Game seed: 1201454782590261185

340 Gadfly the Cudgeller (level 6, -4/59 HPs)
             Began as an Ogre Gladiator on Feb 2, 2021.
             Killed by divine providence
             ... invoked by an orc priest
              (11 damage)
             ... on level 4 of the Dungeon.
             The game lasted 00:04:56 (4130 turns).

Gadfly the Cudgeller (Ogre Gladiator)               Turns: 4130, Time: 00:04:56

Health: -4/59      AC:  3    Str: 21    XL:     6   Next: 56%
Magic:  8/8        EV: 10    Int:  9    God:
Gold:   90         SH:  0    Dex: 10    Spells: 5/5 levels left

rFire    . . .     SeeInvis .   b - +0 short sword (elec)
rCold    . . .     Faith    .   (no shield)
rNeg     . . .     Spirit   .   f - +0 robe
rPois    .         Reflect  .   c - +0 hat
rElec    .         Harm     .   (no cloak)
rCorr    .         Rampage  .   (gloves unavailable)
Will     .....                  (boots unavailable)
Stlth    +.........             n - amulet of inaccuracy (curse)
HPRegen  0.19/turn              (no ring)
MPRegen  0.11/turn              (no ring)

@: no status effects
A: large, unfitting armour, tough skin 1
a: no special abilities


You were on level 4 of the Dungeon.
You visited 1 branch of the dungeon, and saw 4 of its levels.

You collected 90 gold pieces.

Inventory:

Hand Weapons
 a - a +0 flail
 b - a +0 short sword of electrocution (weapon)
 g - a +2 short sword of venom
 q - a +0 giant club
Missiles
 d - 3 throwing nets
 e - 5 boomerangs (quivered)
 s - 7 large rocks
Armour
 c - a +0 hat (worn)
 f - a +0 robe (worn)
Jewellery
 n - a cursed amulet of inaccuracy (around neck)
Wands
 m - a wand of digging (6)
 r - a wand of flame (6)
Potions
 h - a potion of haste
 i - a potion of flight
 j - a potion of attraction
 l - 2 potions of curing
 o - a potion of mutation
 p - a potion of cancellation


   Skills:
 - Level 2.6 Fighting
 + Level 3.4 Maces & Flails
 + Level 2.9 Throwing
 * Level 2.4 Armour
 - Level 2.6 Dodging
 * Level 3.1 Invocations
 * Level 2.3 Evocations


You had 5 spell levels left.
You didn't know any spells.
Your spell library was empty.

Dungeon Overview and Level Annotations

Branches:
Dungeon (4/15)
 Temple: D:4-7

Altars:
Kikubaaqudgha


Innate Abilities, Weirdness & Mutations

You are too large for most types of armour.
You have tough skin. (AC +1)


Message History

The orc barely misses you.
You closely miss the orc priest.
The orc priest is moderately wounded.
The orc priest invokes the aid of Beogh against you.
Beogh smites you!
* * * LOW HITPOINT WARNING * * *
The orc barely misses you.
You barely miss the orc priest.
The orc priest is moderately wounded.
The orc priest hits you but does no damage.
The orc hits you but does no damage.
You barely miss the orc priest.
The orc priest is moderately wounded.
The orc priest looks satisfied for a moment.
The orc hits you but does no damage.
You puncture the orc priest!
The orc priest is almost dead.
The orc priest calls down the wrath of Beogh upon you.
Beogh smites you!
You die...

.......##o..##..#
####### #.....#
##..### ##..##
####..## ##.....#
#......#
##o.....# ##
##@o...>.#
#..###..#.....#
#.....##.....#
#####.###.....#
#.###.# #.....#
#...#.# #.....#
#.....###....##
#).....##....#
##.......#....#


You could see an orc priest and an orc.

Vanquished Creatures
  2 ogres
  A hound (D:3)
  5 adders
  An ooze (D:1)
  3 worms
  A dart slug (D:3)
  2 leopard geckos (D:3)
  10 orcs
  8 bats
  A giant cockroach (D:1)
  13 goblins
  6 hobgoblins
  4 jackals
  9 kobolds
  2 quokkas (D:2)
  2 frilled lizards
  11 rats
81 creatures vanquished.

Notes
Turn   | Place    | Note
-------+----------+-------------------------------------------
     0 | D:1      | Gadfly the Ogre Gladiator began the quest for the Orb.
     0 | D:1      | Reached XP level 1. HP: 22/22 MP: 1/1
   227 | D:1      | Reached XP level 2. HP: 25/29 MP: 2/2
   623 | D:2      | Reached skill level 1 in Invocations
   726 | D:2      | Reached XP level 3. HP: 31/36 MP: 3/3
   760 | D:2      | Reached skill level 1 in Armour
   760 | D:2      | Reached skill level 1 in Evocations
  1269 | D:2      | Found an ancient bone altar of Kikubaaqudgha.
  1598 | D:3      | Reached XP level 4. HP: 40/44 MP: 5/5
  2327 | D:3      | Noticed an ogre
  2354 | D:3      | Killed an ogre
  2355 | D:3      | Reached XP level 5. HP: 25/50 MP: 6/6
  2893 | D:3      | Reached XP level 6. HP: 58/59 MP: 6/8
  4125 | D:4      | HP: 1/59 [orc/+0 whip (2)]
  4130 | D:4      | Killed from afar by an orc priest

Illustrated notes

Levels and vault maps discovered:
D:1:      dpeg_arrival_three_same_balls, layout_basic
D:2:      layout_rooms, nicolae_overflow_crystal_walls, minmay_fractal_squares_5
D:3:      layout_loops_ring, corexii_item_surrounded_by_moat,
          minmay_ogre_servants
D:4:      layout_cave_pods, grunt_qazlal_sundering, uniq_ijyb

Skill      XL: |  1  2  3  4  5  6 |
---------------+-------------------+-----
Invocations    | 1 2 3 |  3.1
Armour         | 1 2 |  2.4
Evocations     | 1 2 |  2.3
Maces & Flails | 3 |  3.4
Fighting       | |  2.6
Throwing       | |  2.9
Dodging        | |  2.6

Action                   |  1- 3 |  4- 6 || total
-------------------------+-------+-------++-------
Melee: Flail             |    18 |       ||    18
       Short sword       |    77 |   210 ||   287
Throw: Stone             |     1 |       ||     1
       Boomerang         |       |     1 ||     1
  Use: Scroll            |     7 |     2 ||     9
       Potion            |     2 |     2 ||     4
Armor: Robe              |    32 |    54 ||    86
Dodge: Dodged            |    64 |   146 ||   210
